[Event "Titled Tuesday Blitz March 08 Early 2022"]
[White "Dushyant Sharma"]
[Black "Mohammad Fahad, Rahman"]
[WhiteFideId "25065130"]
[BlackFideId "10207791"]
[WhiteElo "2105"]
[BlackElo "2323"]
[Result "1-0"]
[Round "06"]
[TimeControl "180+1"]
[Date "2022.03.09"]
[WhiteClock "0:01:34"]
[BlackClock "0:01:27"]

1. e4 e6 2. Nf3 d5 3. exd5 exd5 4. d4 Bd6 5. Bd3 Ne7 6. O-O O-O 7. c3 c5 8. Be3 c4 9. Bc2 Nbc6 10. Nbd2 b5 11. b3 Qc7 12. a4 b4 13. bxc4 bxc3 14. Nb1 Nb4 15. c5 Bf4 16. Nxc3 Bxe3 17. fxe3 Bg4 18. Bxh7+ Kh8 19. Bb1 Rae8 20. Qe1 f5 21. Qh4+ Kg8 22. Ng5 Rf6 23. Qh7+ Kf8 24. Qh8+ Ng8 25. Nh7+ Kf7 26. Nxf6 Nxf6 27. Qh4 Rxe3 28. Bxf5 Bxf5 29. Rxf5 Rxc3 30. Rxf6+ Kg8 31. Re6 Qf7 32. Rae1 1-0


[Site "https://www.chess.com"]

[Event "Titled Tuesday Blitz March 08 Early 2022"]
[White "Fajdetic, Hrvoje"]
[Black "Manelyuk, Daniil"]
[WhiteFideId "14501945"]
[BlackFideId "44173920"]
[WhiteElo "2172"]
[BlackElo "2222"]
[Result "1-0"]
[Round "06"]
[TimeControl "180+1"]
[Date "2022.03.09"]
[WhiteClock "0:00:38"]
[BlackClock "0:00:06"]

1. d4 Nf6 2. Bf4 c5 3. e3 g6 4. Nd2 Bg7 5. c3 d6 6. h3 O-O 7. Ngf3 b6 8. a4 Bb7 9. Be2 Nbd7 10. Nc4 Qc7 11. O-O Rfe8 12. Qb3 Bd5 13. Nfd2 e5 14. Bh2 Qc6 15. Qb5 Bxg2 16. Qxc6 Bxc6 17. Nxd6 exd4 18. Nxe8 Rxe8 19. cxd4 cxd4 20. Bb5 Bxb5 21. axb5 dxe3 22. fxe3 Bh6 23. Nc4 Re4 24. b3 Nd5 25. Rxa7 Nc5 26. Rfxf7 Nxe3 27. Rxh7 Bf8 28. Be5 Rxe5 29. Nxe5 Nf5 30. Nxg6 Bg7 31. Rh5 Bd4+ 32. Kh2 Nd6 33. Rd5 Ndb7 34. Rxd4 1-0


[Site "https://www.chess.com"]

[Event "Titled Tuesday Blitz March 08 Early 2022"]
[White "Fedoseev, Vladimir"]
[Black "Bryakin, Mikhail"]
[WhiteFideId "24130737"]
[BlackFideId "4165314"]
[WhiteElo "2726"]
[BlackElo "2417"]
[Result "1-0"]
[Round "06"]
[TimeControl "180+1"]
[Date "2022.03.08"]
[WhiteClock "0:00:48"]
[BlackClock "0:00:05"]

1. e4 c5 2. Nf3 Nc6 3. Bb5 g6 4. Bxc6 dxc6 5. d3 Bg7 6. h3 Nh6 7. Nc3 f6 8. Be3 b6 9. d4 cxd4 10. Nxd4 c5 11. Ndb5 Qxd1+ 12. Rxd1 Kf7 13. Nd5 Bd7 14. a4 Bc6 15. O-O Rhd8 16. b3 Ng8 17. c4 Bh6 18. f4 Bxd5 19. cxd5 Rd7 20. e5 Rb7 21. e6+ Kf8 22. g4 f5 23. g5 Bg7 24. Kf2 h5 25. Rd3 Rd8 26. Rfd1 a5 27. Ke2 Bh8 28. Na3 Bb2 29. Nc4 Bh8 30. Ne5 Bxe5 31. fxe5 Ke8 32. d6 exd6 33. exd6 h4 34. Bf4 Rh7 35. Re3 Rb7 36. d7+ Kf8 37. Bd6+ Ne7 38. Kf3 b5 39. Kf4 c4 40. Ke5 Rb6 41. bxc4 bxc4 42. Rc3 Rc6 43. Rd4 Ra8 44. Rcxc4 1-0


[Site "https://www.chess.com"]

[Event "Titled Tuesday Blitz March 08 Early 2022"]
[White "Fiorito, Fabian"]
[Black "Sychev, Klementy"]
[WhiteFideId "100200"]
[BlackFideId "4114060"]
[WhiteElo "2395"]
[BlackElo "2564"]
[Result "0-1"]
[Round "06"]
[TimeControl "180+1"]
[Date "2022.03.09"]
[WhiteClock "0:00:28"]
[BlackClock "0:00:16"]

1. d4 d5 2. Nc3 Nf6 3. Bf4 c5 4. e4 Nxe4 5. Bb5+ Nc6 6. Nxe4 dxe4 7. Ne2 e6 8. Bxc6+ bxc6 9. dxc5 Qxd1+ 10. Rxd1 Bxc5 11. Bd6 Bxd6 12. Rxd6 Bb7 13. O-O Ke7 14. Rd4 c5 15. Rc4 Rac8 16. Nc3 Ba6 17. Ra4 Bxf1 18. Rxa7+ Kf6 19. Nxe4+ Kg6 20. Kxf1 Ra8 21. Rb7 Rxa2 22. Nxc5 Rc8 23. b4 Rxc2 24. g3 Ra8 25. Nd3 Ra3 26. Nf4+ Kf6 27. Nh5+ Kg5 28. Nf4 e5 29. Nh3+ Kg6 30. Kg2 Rb3 31. Ng1 f6 32. Nf3 Rbb2 33. Nh4+ Kh5 34. Rxg7 Rxf2+ 35. Kg1 Rfc2 36. Rxh7+ Kg4 37. h3+ Kxg3 38. Nf5+ Kf4 0-1


[Site "https://www.chess.com"]

[Event "Titled Tuesday Blitz March 08 Early 2022"]
[White "Gabdrakhmanov, Azat"]
[Black "Siva Mahadevan"]
[WhiteFideId "34189197"]
[BlackFideId "25043153"]
[WhiteElo "2279"]
[BlackElo "2203"]
[Result "1/2-1/2"]
[Round "06"]
[TimeControl "180+1"]
[Date "2022.03.08"]
[WhiteClock "0:00:56"]
[BlackClock "0:00:49"]

1. e4 c5 2. Nf3 Nc6 3. Nc3 d6 4. d4 cxd4 5. Nxd4 Nf6 6. Bg5 e6 7. Qd2 a6 8. O-O-O Bd7 9. f4 b5 10. Nxc6 Bxc6 11. Bd3 Be7 12. e5 dxe5 13. fxe5 Nd7 14. Bxe7 Qxe7 15. Be4 Nxe5 16. Qf4 Bxe4 17. Qxe5 Bg6 18. Qxg7 Qg5+ 19. Rd2 Ke7 20. h4 Qe3 21. Rf1 Rhd8 22. Qf6+ Ke8 23. Qh8+ Ke7 24. Qf6+ Ke8 25. Qh8+ Ke7 26. Qf6+ 1/2-1/2


[Site "https://www.chess.com"]

[Event "Titled Tuesday Blitz March 08 Early 2022"]
[White "Gabrielian, Artur"]
[Black "Paravyan, David"]
[WhiteFideId "4131002"]
[BlackFideId "4194985"]
[WhiteElo "2440"]
[BlackElo "2569"]
[Result "0-1"]
[Round "06"]
[TimeControl "180+1"]
[Date "2022.03.08"]
[WhiteClock "0:00:04"]
[BlackClock "0:00:12"]

1. e4 e5 2. Nf3 Nf6 3. Nxe5 d6 4. Nf3 Nxe4 5. Nc3 Nxc3 6. dxc3 Be7 7. Bf4 O-O 8. Qd2 Bg4 9. O-O-O Nd7 10. h4 Re8 11. Bc4 Nf6 12. Rde1 d5 13. Bd3 c5 14. Ne5 Be6 15. c4 a6 16. g4 dxc4 17. Bxc4 Qxd2+ 18. Bxd2 Bxc4 19. Nxc4 Nxg4 20. Nb6 Rad8 21. Bf4 Nxf2 22. Rh2 c4 23. Rxf2 Bc5 24. Rxe8+ Rxe8 25. Rd2 Re1+ 26. Rd1 Rxd1+ 27. Kxd1 Bxb6 28. Ke2 h5 29. Kf3 Bd8 30. Bg3 Kh7 31. Ke4 Kg6 32. Kd5 b5 33. Kc6 Kf5 34. Kb7 Kg4 35. Bd6 f5 36. Kxa6 f4 37. Kxb5 f3 38. Bc5 Bxh4 39. a4 f2 40. Bxf2 Bxf2 0-1


[Site "https://www.chess.com"]

[Event "Titled Tuesday Blitz March 08 Early 2022"]
[White "Gaehwiler, Gabriel"]
[Black "Lazavik, Denis"]
[WhiteFideId "1314530"]
[BlackFideId "13515110"]
[WhiteElo "2383"]
[BlackElo "2437"]
[Result "0-1"]
[Round "06"]
[TimeControl "180+1"]
[Date "2022.03.08"]
[WhiteClock "0:00:03"]
[BlackClock "0:00:05"]

1. d4 f5 2. g3 Nf6 3. Bg2 g6 4. Nf3 Bg7 5. O-O O-O 6. c4 d6 7. Nc3 c6 8. d5 e5 9. dxe6 Bxe6 10. b3 Na6 11. Bb2 Qe7 12. Qc2 h6 13. Rad1 Rad8 14. Qb1 Nc5 15. e3 a5 16. Rd2 Rfe8 17. Rfd1 Bf7 18. Nd4 Ng4 19. Nf3 Qf8 20. h3 Nf6 21. Ne2 Nfe4 22. Rc2 d5 23. cxd5 Bxd5 24. Nf4 Bf7 25. Bxg7 Qxg7 26. Nd4 Na6 27. Rcc1 Qf6 28. Nfe2 Nb4 29. a3 Nd5 30. b4 axb4 31. axb4 Nb6 32. Nb3 Na4 33. Nbd4 Qe5 34. Qa1 Ra8 35. Qb1 Nb6 36. Nf4 Nxf2 37. Kxf2 Qxe3+ 38. Kf1 Qxg3 39. Nde2 Qh4 40. Rd6 Qe7 41. Rcd1 Nc4 42. Rd7 Ne3+ 43. Kg1 Qg5 44. Rxf7 Kxf7 45. Rd7+ Kf8 46. Qb3 Ra1+ 47. Kh2 Qf6 48. Bf3 Raa8 49. Rxb7 Re7 50. Rxe7 Kxe7 51. Qxe3+ Kf7 52. Qc5 Re8 53. Qc4+ Kg7 54. Ng3 Qe5 55. Bg2 h5 56. h4 Qf6 57. Kh3 Re3 58. Kh2 Qxh4+ 59. Kg1 Qxg3 60. Qd4+ Kh7 61. Qd7+ Kh6 62. Nh3 Re1# 0-1


[Site "https://www.chess.com"]

[Event "Titled Tuesday Blitz March 08 Early 2022"]
[White "Garv Gaur"]
[Black "Bashirli, Nail"]
[WhiteFideId "45030839"]
[BlackFideId "13406809"]
[WhiteElo "1950"]
[BlackElo "2333"]
[Result "0-1"]
[Round "06"]
[TimeControl "180+1"]
[Date "2022.03.09"]
[WhiteClock "0:00:05"]
[BlackClock "0:00:08"]

1. d4 Nf6 2. Nf3 e6 3. c4 Bb4+ 4. Bd2 Qe7 5. Nc3 O-O 6. g3 d6 7. Bg2 e5 8. dxe5 dxe5 9. O-O Rd8 10. Qc2 Nc6 11. Nd5 Nxd5 12. cxd5 Bxd2 13. dxc6 Ba5 14. Rfd1 Rd6 15. Nxe5 Qxe5 16. Rxd6 cxd6 17. cxb7 Bxb7 18. Bxb7 Rb8 19. Rd1 g6 20. Rd5 Qe6 21. Rxa5 Rxb7 22. b3 h5 23. Ra4 Re7 24. e3 Qf6 25. Rc4 Kh7 26. Rc8 Re5 27. Qc4 Qf3 28. Qf4 Qd1+ 29. Kg2 Qd5+ 30. Qf3 Qe6 31. Rc4 Kg7 32. Rd4 d5 33. Rf4 g5 34. Ra4 Rf5 35. Qxh5 Qc6 36. Rd4 Qc2 37. Kh3 Qxf2 38. Qg4 Qf1# 0-1


[Site "https://www.chess.com"]

[Event "Titled Tuesday Blitz March 08 Early 2022"]
[White "Goltsev, Dmitry"]
[Black "Yandarbiev, Ruslan"]
[WhiteFideId "24176710"]
[BlackFideId "4115023"]
[WhiteElo "2273"]
[BlackElo "2102"]
[Result "1/2-1/2"]
[Round "06"]
[TimeControl "180+1"]
[Date "2022.03.09"]
[WhiteClock "0:00:10"]
[BlackClock "0:00:31"]

1. e4 c5 2. Nf3 d6 3. d4 Nf6 4. Nc3 cxd4 5. Nxd4 a6 6. Be2 e5 7. Nb3 Be7 8. O-O O-O 9. f4 b5 10. a3 Bb7 11. Bf3 Nbd7 12. Be3 Rc8 13. Qd2 Nb6 14. Na5 Nc4 15. Nxc4 Rxc4 16. Qd3 exf4 17. Bxf4 Qb6+ 18. Be3 Qc7 19. Rad1 Rc8 20. Kh1 Nd7 21. Bf4 Ne5 22. Bxe5 dxe5 23. Qd7 Qxd7 24. Rxd7 R4c7 25. Rfd1 Kf8 26. Bg4 Bc6 27. R7d2 Rb8 28. Bd7 b4 29. axb4 Bxb4 30. Bxc6 Bxc3 31. bxc3 Rxc6 32. Rd3 Rbc8 33. h3 Rxc3 34. Rd5 Rxc2 35. Rxe5 Rc1 36. Rxc1 Rxc1+ 37. Kh2 Ra1 38. Rc5 a5 39. Rc7 a4 40. Ra7 a3 41. e5 a2 42. h4 h5 43. g3 Kg8 44. Ra8+ Kh7 45. Ra6 g6 46. Ra7 Kg8 47. Ra8+ Kg7 48. Ra7 Kf8 49. Ra8+ Ke7 50. Ra6 Kd7 51. Kg2 Kc7 52. Ra3 Kc6 53. Ra8 Kd5 54. Ra5+ Kd4 55. Kh2 Ke3 56. Kg2 Kd2 57. Ra8 Kc3 58. Ra7 Kd4 59. Ra5 Ke4 60. Kh2 Kf5 61. Kg2 g5 62. hxg5 Kxg5 63. e6+ Kf6 64. exf7 Kxf7 65. Ra6 Ke7 66. Kh2 Kd7 67. Ra7+ Kc6 68. Ra8 Kb6 69. Kg2 Kb5 70. Kh2 Kc4 71. Kg2 Kb3 72. Rb8+ Kc2 73. Rc8+ Kd3 74. Rd8+ Kc3 75. Ra8 Kd4 76. Ra7 Kc5 77. Ra8 Kb4 78. Rb8+ Kc3 79. Rc8+ Kb2 80. Rb8+ Kc2 81. Ra8 Kb2 82. Rb8+ Kc2 1/2-1/2


[Site "https://www.chess.com"]

[Event "Titled Tuesday Blitz March 08 Early 2022"]
[White "Goltseva, Ekaterina"]
[Black "Samadov, Read"]
[WhiteFideId "24173770"]
[BlackFideId "13417444"]
[WhiteElo "2140"]
[BlackElo "2084"]
[Result "0-1"]
[Round "06"]
[TimeControl "180+1"]
[Date "2022.03.09"]
[WhiteClock "0:00:06"]
[BlackClock "0:00:11"]

1. d4 Nf6 2. c4 e6 3. Nc3 Bb4 4. e3 O-O 5. Bd2 d5 6. Nf3 b6 7. cxd5 exd5 8. Rc1 Bb7 9. Bd3 Be7 10. Ne5 c5 11. f4 Nc6 12. Ne2 Rc8 13. Bf5 Rc7 14. O-O g6 15. Bb1 Ne4 16. Bxe4 dxe4 17. Bc3 Nxe5 18. fxe5 Ba6 19. Rf2 cxd4 20. Nxd4 Bg5 21. Qe1 Bd3 22. e6 f5 23. g3 Qd5 24. Rf4 Rfc8 25. h4 Bh6 26. Qf2 b5 27. a3 Bg7 28. h5 a5 29. Rd1 b4 30. axb4 axb4 31. Bxb4 Rc1 32. Rxc1 Rxc1+ 33. Kh2 Bxd4 34. exd4 e3 35. Qf3 Be4 36. e7 Kf7 37. Rxe4 Qxe4 38. hxg6+ hxg6 39. Qxe4 fxe4 40. Kg2 e2 41. Kf2 e1=Q+ 42. Bxe1 Kxe7 43. Bb4+ Ke6 44. Ke3 Kd5 45. Bc3 Rg1 46. Kf4 Rd1 47. Kg5 e3 48. Kxg6 e2 49. g4 e1=Q 50. Bxe1 Rxe1 51. g5 Ke6 52. b4 Rd1 53. Kg7 Rxd4 54. g6 Kf5 55. b5 Rd7+ 56. Kh6 Rd6 57. b6 Rxg6+ 58. Kh7 Rxb6 59. Kh8 Rg6 60. Kh7 Kf6 61. Kh8 Kf7 62. Kh7 Rf6 63. Kh8 Rh6# 0-1


[Site "https://www.chess.com"]

[Event "Titled Tuesday Blitz March 08 Early 2022"]
[White "Gombocz, Ferenc Jr."]
[Black "Arabidze, Meri"]
[WhiteFideId "775029"]
[BlackFideId "13604040"]
[WhiteElo "1913"]
[BlackElo "2335"]
[Result "0-1"]
[Round "06"]
[TimeControl "180+1"]
[Date "2022.03.09"]
[WhiteClock "0:00:23"]
[BlackClock "0:01:03"]

1. c4 e5 2. g3 Nc6 3. Bg2 g6 4. Nc3 Bg7 5. e4 d6 6. Nge2 h5 7. h3 h4 8. g4 f5 9. exf5 gxf5 10. gxf5 Bxf5 11. d3 Nge7 12. Bg5 Qd7 13. Qd2 O-O-O 14. O-O-O Rdf8 15. f4 Ng6 16. fxe5 Ngxe5 17. Be4 Nb4 18. Nf4 Bxe4 19. Nxe4 Rxf4 20. Bxf4 Nexd3+ 21. Kb1 Qf5 22. Qe3 Nxf4 23. a3 Nc6 24. Rhf1 Be5 25. Ka2 Qxh3 26. Rf3 Qg4 27. Rg1 Qe6 28. Rxf4 Bxf4 29. Qxf4 Qxc4+ 30. Ka1 Qd4 31. Qg4+ Kb8 32. Qxh4 Qxg1+ 0-1


[Site "https://www.chess.com"]

[Event "Titled Tuesday Blitz March 08 Early 2022"]
[White "Gracia Alvarez, Gerardo Antonio"]
[Black "Karolczuk, Iwo"]
[WhiteFideId "5109124"]
[BlackFideId "21816972"]
[WhiteElo "2139"]
[BlackElo "2243"]
[Result "0-1"]
[Round "06"]
[TimeControl "180+1"]
[Date "2022.03.09"]
[WhiteClock "0:00:04"]
[BlackClock "0:00:10"]

1. e4 c5 2. Nc3 Nc6 3. Bb5 e6 4. Bxc6 bxc6 5. d3 d5 6. f4 Nf6 7. e5 Nd7 8. Nf3 Be7 9. O-O O-O 10. Qe1 a5 11. a4 Ba6 12. b3 c4 13. bxc4 dxc4 14. d4 Nb6 15. Ne4 Nd5 16. c3 Rb8 17. Bd2 Rb3 18. Qg3 Kh8 19. Kh1 Rb2 20. Rad1 Nb6 21. Nfg5 h6 22. Qh3 Kg8 23. Nxe6 fxe6 24. Qxe6+ Kh8 25. Qg6 Qe8 26. Qg4 Bc8 27. f5 Qf7 28. Ng3 Nd5 29. Qe4 Qg8 30. f6 gxf6 31. Bxh6 f5 32. Qf3 Rf7 33. Bc1 Ra2 34. Nh5 Rh7 35. Rd2 Rxd2 36. Bxd2 Be6 37. Ng3 Qg4 38. Nxf5 Bxf5 39. Qxf5 Qxf5 40. Rxf5 Kg8 0-1


[Site "https://www.chess.com"]

[Event "Titled Tuesday Blitz March 08 Early 2022"]
[White "Gubanov, Oleg"]
[Black "Manukian, Artak"]
[WhiteFideId "14115115"]
[BlackFideId "13301373"]
[WhiteElo "2080"]
[BlackElo "2503"]
[Result "0-1"]
[Round "06"]
[TimeControl "180+1"]
[Date "2022.03.09"]
[WhiteClock "0:00:01"]
[BlackClock "0:00:08"]

1. e4 c6 2. d4 d5 3. e5 Bf5 4. g4 Bd7 5. Nc3 e6 6. Be3 c5 7. dxc5 Nc6 8. f4 h5 9. g5 Nge7 10. Bh3 g6 11. Nge2 a6 12. a3 Na5 13. b3 Rc8 14. O-O Nf5 15. Bxf5 gxf5 16. b4 Nc4 17. Bf2 h4 18. h3 Be7 19. Qd3 Kf8 20. Kh2 Kg7 21. Rg1 Kg6 22. Nd4 b6 23. cxb6 Nxb6 24. Nce2 Qc7 25. c3 Na4 26. Nf3 Nxc3 27. Nxc3 Qxc3 28. Qxc3 Rxc3 29. Nxh4+ Kg7 30. Rg3 Rc2 31. Rg2 Rxf2 32. Nxf5+ exf5 33. Rxf2 Rc8 34. Rd2 Be6 35. Raa2 Rc4 36. Kg3 d4 37. Rd3 Bd8 38. Rad2 Bb6 39. h4 Rc3 40. h5 Bc4 41. Rxc3 dxc3 42. Rc2 Bd4 43. h6+ Kg6 44. Kf3 Bd3 45. Rc1 c2 46. a4 Bb2 0-1


[Site "https://www.chess.com"]

[Event "Titled Tuesday Blitz March 08 Early 2022"]
[White "Gulecyuz, Deniz"]
[Black "Kostiukov, Alexandr"]
[WhiteFideId "30921341"]
[BlackFideId "14108100"]
[WhiteElo "1923"]
[BlackElo "2202"]
[Result "1-0"]
[Round "06"]
[TimeControl "180+1"]
[Date "2022.03.09"]
[WhiteClock "0:00:36"]
[BlackClock "0:00:05"]

1. e4 c5 2. Nf3 g6 3. d4 cxd4 4. Nxd4 Bg7 5. c4 Nc6 6. Be3 Nf6 7. Nc3 O-O 8. Be2 Nxd4 9. Bxd4 Qa5 10. O-O d6 11. f3 Be6 12. Qd2 Rfc8 13. b3 a6 14. a3 Qd8 15. Rfc1 Nd7 16. Bxg7 Kxg7 17. Nd5 Bxd5 18. Qd4+ f6 19. exd5 Nc5 20. Rab1 b5 21. b4 Nb7 22. cxb5 axb5 23. Bxb5 Rxa3 24. Bc6 Qc7 25. Re1 Nd8 26. b5 Nf7 27. b6 Qd8 28. b7 Rb8 29. Qb4 Ra7 30. Ra1 Rxa1 31. Rxa1 Ne5 32. Qa5 Qxa5 33. Rxa5 Nxc6 34. dxc6 1-0


[Site "https://www.chess.com"]

[Event "Titled Tuesday Blitz March 08 Early 2022"]
[White "Guseva, Marina"]
[Black "Thomas, Anysia"]
[WhiteFideId "4149351"]
[BlackFideId "670472"]
[WhiteElo "2160"]
[BlackElo "2002"]
[Result "0-1"]
[Round "06"]
[TimeControl "180+1"]
[Date "2022.03.09"]
[WhiteClock "0:01:12"]
[BlackClock "0:01:24"]

1. d4 Nf6 2. Nf3 g6 3. Bf4 Bg7 4. e3 O-O 5. Be2 d6 6. O-O b6 7. h3 Bb7 8. a4 a6 9. a5 b5 10. Nbd2 Nbd7 11. c4 c6 12. Qc2 Re8 13. Bh2 e5 14. dxe5 Nxe5 15. Rfd1 Qe7 16. cxb5 cxb5 17. Nd4 Rac8 18. Qb1 h5 19. b4 Nd5 20. Qb2 Nc3 21. Re1 Nxe2+ 22. Nxe2 Nf3+ 0-1


[Site "https://www.chess.com"]

[Event "Titled Tuesday Blitz March 08 Early 2022"]
[White "Dronavalli, Harika"]
[Black "Ljukin, Sergei"]
[WhiteFideId "5015197"]
[BlackFideId "14102200"]
[WhiteElo "2382"]
[BlackElo "2312"]
[Result "1-0"]
[Round "06"]
[TimeControl "180+1"]
[Date "2022.03.09"]
[WhiteClock "0:00:35"]
[BlackClock "0:00:07"]

1. d4 d5 2. Nf3 Nf6 3. Bf4 c5 4. e3 Nc6 5. Nbd2 Qb6 6. dxc5 Qxc5 7. a3 e6 8. Bd3 Be7 9. O-O O-O 10. Qe2 a6 11. Rfd1 b5 12. e4 d4 13. Nb3 Qb6 14. e5 Nd5 15. Bg5 Bxg5 16. Nxg5 h6 17. Nf3 Nf4 18. Qe4 Nxd3 19. Rxd3 Bb7 20. Qg4 Rad8 21. Nbxd4 Nxd4 22. Nxd4 Rd5 23. Re1 Rfd8 24. c3 Qc7 25. Rg3 g6 26. Qf4 Kh7 27. Rh3 h5 28. Qg5 Rxd4 29. cxd4 Rxd4 30. Qf6 Qd7 31. Rhe3 Kg8 32. h3 Rd2 33. b4 Ra2 34. Rg3 Bd5 35. Rc1 Qb7 36. Qd8+ Kh7 37. Rc7 1-0


[Site "https://www.chess.com"]

[Event "Titled Tuesday Blitz March 08 Early 2022"]
[White "Hartikainen, Jarmo"]
[Black "Kohler, Aran"]
[WhiteFideId "503134"]
[BlackFideId "1002856"]
[WhiteElo "2112"]
[BlackElo "2271"]
[Result "0-1"]
[Round "06"]
[TimeControl "180+1"]
[Date "2022.03.09"]
[WhiteClock "0:00:08"]
[BlackClock "0:00:20"]

1. e4 c6 2. d4 d5 3. Nc3 dxe4 4. Nxe4 Bf5 5. Ng3 Bg6 6. h4 h6 7. Bc4 e6 8. N1e2 Bd6 9. Nf4 Bxf4 10. Bxf4 Nf6 11. Bd3 Bxd3 12. Qxd3 Nd5 13. Bd2 O-O 14. c4 Ne7 15. O-O-O c5 16. Bc3 cxd4 17. Qxd4 Qxd4 18. Rxd4 Nbc6 19. Rd7 b6 20. Rhd1 Rfd8 21. Rxd8+ Rxd8 22. Rxd8+ Nxd8 23. Kc2 f6 24. b4 Kf7 25. a4 g5 26. hxg5 hxg5 27. Ne4 e5 28. Nd6+ Ke6 29. Nb5 Ndc6 30. a5 bxa5 31. bxa5 f5 32. f3 g4 33. Kd3 gxf3 34. gxf3 Nc8 35. Nc7+ Kd7 36. Nd5 Nd6 37. Bb4 Nb7 38. a6 Nxb4+ 39. Nxb4 Nc5+ 40. Ke3 Kd6 41. f4 e4 42. Kd4 Ne6+ 43. Ke3 Kc5 44. Nd5 Kxc4 45. Ne7 Nd4 46. Nc8 Nb5 47. Ne7 Nd6 48. Nc6 Kb5 49. Nxa7+ Kxa6 50. Nc6 Kb6 51. Ne7 Kc5 52. Ng6 Kd5 53. Nh4 Nc4+ 54. Ke2 Nd6 55. Ke3 Ke6 56. Kd4 Nb5+ 57. Ke3 Nc3 58. Kd4 Nd5 59. Ng2 Kd6 60. Kc4 Nf6 61. Kd4 Ng4 62. Kc4 Ke6 63. Kd4 Kf6 64. Kd5 e3 65. Kd4 Kg6 66. Nxe3 Nxe3 67. Kxe3 Kh5 68. Kd4 Kh4 69. Kd5 Kg3 70. Ke5 Kg4 71. Kd4 Kxf4 72. Kd3 Kf3 0-1


[Site "https://www.chess.com"]

[Event "Titled Tuesday Blitz March 08 Early 2022"]
[White "Havanecz, Bianka"]
[Black "Coelho, Ramyres Santana"]
[WhiteFideId "704814"]
[BlackFideId "2120690"]
[WhiteElo "2379"]
[BlackElo "1888"]
[Result "1/2-1/2"]
[Round "06"]
[TimeControl "180+1"]
[Date "2022.03.09"]
[WhiteClock "0:01:51"]
[BlackClock "0:02:14"]

1. d4 Nf6 2. c4 g6 3. Nc3 d5 4. Nf3 Bg7 5. Bf4 dxc4 6. Rc1 O-O 7. e3 a6 8. Bxc4 b5 9. Be2 Bb7 10. O-O Nbd7 11. a3 c5 12. Ne5 Nxe5 13. Bxe5 cxd4 14. Qxd4 Qxd4 15. Bxd4 Nd5 16. Bxg7 Kxg7 17. Nxd5 Bxd5 18. Rc7 Rfc8 19. Rfc1 Rxc7 20. Rxc7 e6 21. f3 Rd8 22. Ra7 Bc4 23. Bxc4 bxc4 24. Rxa6 Rd1+ 25. Kf2 Rd2+ 26. Kg3 Rxb2 27. Rc6 Ra2 28. Rxc4 Rxa3 29. e4 1/2-1/2


[Site "https://www.chess.com"]

[Event "Titled Tuesday Blitz March 08 Early 2022"]
[White "Hernandez Jimenez, Alexander Andres"]
[Black "Kadam, Om Manish"]
[WhiteFideId "3900452"]
[BlackFideId "45076294"]
[WhiteElo "2082"]
[BlackElo "1729"]
[Result "0-1"]
[Round "06"]
[TimeControl "180+1"]
[Date "2022.03.09"]
[WhiteClock "0:00:01"]
[BlackClock "0:01:02"]

1. e4 c6 2. d4 d5 3. exd5 cxd5 4. Bd3 Nc6 5. c3 Nf6 6. Bg5 e6 7. Nd2 Be7 8. Ngf3 h6 9. Bh4 Bd7 10. O-O a6 11. a4 Rc8 12. Re1 O-O 13. Ne5 Nxe5 14. dxe5 Ne8 15. Bxe7 Qxe7 16. Nf3 Nc7 17. Nd4 Na8 18. f4 Nb6 19. a5 Nc4 20. Qe2 Qc5 21. Kh1 Nxa5 22. Qh5 Nc6 23. Rad1 Nxd4 24. cxd4 Qb4 25. Re2 Ba4 26. Rf1 Qxd4 27. Qh3 Bb5 28. Bxb5 axb5 29. f5 exf5 30. Qxf5 Rce8 31. Rfe1 Re6 32. h3 Rfe8 33. Kh2 b4 0-1


[Site "https://www.chess.com"]

[Event "Titled Tuesday Blitz March 08 Early 2022"]
[White "Hirneise, Jens"]
[Black "Kaganskiy, Gleb"]
[WhiteFideId "24614734"]
[BlackFideId "4132025"]
[WhiteElo "2359"]
[BlackElo "2165"]
[Result "1-0"]
[Round "06"]
[TimeControl "180+1"]
[Date "2022.03.09"]
[WhiteClock "0:01:36"]
[BlackClock "0:01:08"]

1. d4 d6 2. Nc3 Nf6 3. Bg5 Nbd7 4. f3 h6 5. Bxf6 Nxf6 6. e4 e5 7. Bc4 Be7 8. Nge2 c6 9. a4 O-O 10. O-O Qc7 11. Kh1 b6 12. f4 exd4 13. Qxd4 Re8 14. e5 d5 15. Ba2 Nh7 16. Rad1 Bf5 17. Qd2 Rad8 18. Nd4 Bd7 19. Rde1 Bc5 20. Nce2 Nf8 21. c3 a5 22. Bb1 Ne6 23. Nxe6 Bxe6 24. Qd3 g6 25. Qg3 Kf8 26. f5 Bxf5 27. Bxf5 gxf5 28. Rxf5 Qe7 29. Nf4 d4 30. Ng6+ Kg7 31. Nxe7+ Kh8 32. Rf6 1-0


[Site "https://www.chess.com"]

[Event "Titled Tuesday Blitz March 08 Early 2022"]
[White "Hoffmann, Asa"]
[Black "Coto Mederos, Michel"]
[WhiteFideId "2001470"]
[BlackFideId "3508528"]
[WhiteElo "2117"]
[BlackElo "2427"]
[Result "0-1"]
[Round "06"]
[TimeControl "180+1"]
[Date "2022.03.09"]
[WhiteClock "0:00:16"]
[BlackClock "0:00:06"]

1. d4 d5 2. Bg5 f6 3. Bf4 Bf5 4. Nf3 e6 5. c4 c6 6. Nc3 Bd6 7. Bg3 Ne7 8. e3 O-O 9. Nh4 Be4 10. f3 Bg6 11. Nxg6 Nxg6 12. Bd3 Qe7 13. c5 Bc7 14. Qc2 f5 15. O-O-O b6 16. cxb6 axb6 17. a3 c5 18. Kb1 Nc6 19. Nb5 Bxg3 20. hxg3 c4 21. Be2 Ra5 22. Nc3 b5 23. e4 b4 24. exd5 exd5 25. Nxd5 Rxd5 26. Bxc4 Qd7 27. Qb3 Nge7 28. axb4 Rb8 29. b5 Na5 30. Bxd5+ Nxd5 31. Qd3 Rxb5 32. Rhe1 Rb3 33. Qa6 Nc3+ 34. Kc2 Nxd1 35. Qxa5 Rxb2+ 36. Kxd1 Qxd4+ 37. Kc1 Rb8 38. Qa2+ Kh8 39. Qc2 Qa1+ 40. Kd2 Rd8+ 41. Ke2 Re8+ 42. Kf2 Qxe1# 0-1


[Site "https://www.chess.com"]

[Event "Titled Tuesday Blitz March 08 Early 2022"]
[White "Horak, Martin"]
[Black "Zaichenko, Daria"]
[WhiteFideId "367095"]
[BlackFideId "4197453"]
[WhiteElo "1997"]
[BlackElo "2039"]
[Result "1-0"]
[Round "06"]
[TimeControl "180+1"]
[Date "2022.03.09"]
[WhiteClock "0:00:53"]
[BlackClock "0:00:58"]

1. e4 c5 2. Nf3 Nc6 3. d4 cxd4 4. Nxd4 Nf6 5. Nc3 d6 6. f4 Bg4 7. Be2 Bxe2 8. Ndxe2 e5 9. O-O Be7 10. Kh1 O-O 11. Ng3 Nd4 12. fxe5 dxe5 13. Bg5 h6 14. Bxf6 Bxf6 15. Nd5 Bg5 16. c3 Ne6 17. Nf5 g6 18. Ng3 Nf4 19. Ne2 Nxd5 20. exd5 b5 21. Ng3 Kg7 22. Ne4 Bf4 23. g3 Bg5 24. Qd3 a6 25. Rad1 f5 26. Nc5 Qd6 27. Ne6+ Kf6 28. Nxf8 Rxf8 29. c4 e4 30. Qd4+ Ke7 31. c5 Qf6 32. d6+ Kd7 33. Qd5 Rc8 34. Qb7+ Kd8 35. c6 Qxb2 36. Qd7# 1-0


[Site "https://www.chess.com"]

[Event "Titled Tuesday Blitz March 08 Early 2022"]
[White "Horobetz, Graham"]
[Black "Odegov, Artem"]
[WhiteFideId "2047322"]
[BlackFideId "34183644"]
[WhiteElo "2637"]
[BlackElo "2286"]
[Result "1-0"]
[Round "06"]
[TimeControl "180+1"]
[Date "2022.03.09"]
[WhiteClock "0:00:36"]
[BlackClock "0:00:04"]

1. e4 e6 2. d4 d5 3. Nd2 Nf6 4. e5 Nfd7 5. f4 c5 6. c3 Nc6 7. Ndf3 Be7 8. Bd3 f6 9. Ne2 O-O 10. O-O fxe5 11. fxe5 Qb6 12. Kh1 cxd4 13. cxd4 Nb4 14. Bb1 Rf7 15. Bg5 Rxf3 16. Bxe7 Rxf1+ 17. Qxf1 Nc6 18. Bd6 Nxd4 19. Nxd4 Qxd4 20. Bd3 a6 21. Rd1 Qh4 22. Bc2 b5 23. Qd3 Bb7 24. Rf1 Rc8 25. Qf3 h6 26. Qf7+ Kh8 27. Qg6 Rxc2 28. Qxc2 d4 29. Qf2 Qe4 30. Qf3 Qxf3 31. gxf3 Bd5 32. b3 d3 33. Kg2 g5 34. Kg3 g4 35. fxg4 b4 36. Kf4 a5 37. Rd1 a4 38. Rxd3 axb3 39. axb3 Kg7 40. Bxb4 Nb8 41. Bd6 Nc6 42. b4 Na7 43. Rc3 Nb5 44. Rc5 Nd4 45. Ke3 Nb3 46. Rxd5 exd5 47. b5 Kf7 48. b6 Na5 49. Kd4 Ke6 50. h4 Nc6+ 51. Kc5 d4 52. Kxc6 d3 53. b7 d2 54. b8=Q d1=Q 55. Qe8# 1-0


[Site "https://www.chess.com"]